 Dungeon Crawl Stone Soup version 0.31-a0-180-g519b7de00c (webtiles) character file.

Game seed: 6885084243484759940

4184 Bondsong the Covert (level 10, -1/49 HPs)
             Began as a Spriggan Brigand on June 20, 2023.
             Was an Initiate of Gozag.
             Succumbed to a kobold brigand's poison
             ... on level 8 of the Dungeon.
             The game lasted 00:44:27 (6657 turns).

Bondsong the Covert (Spriggan Brigand)              Turns: 6657, Time: 00:44:27

Health: -1/49      AC:  7    Str:  9    XL:     10   Next: 8%
Magic:  11/11      EV: 23    Int: 13    God:    Gozag
Gold:   108        SH:  0    Dex: 25    Spells: 9/9 levels left

rFire   . . .        n - +2 whip (distort)
rCold   + . .        (no shield)
rNeg    . . .        b - +0 robe
rPois   .            (helmet restricted)
rElec   +            c - +0 cloak
rCorr   .            (gloves unavailable)
SInv    +            (boots unavailable)
Will    +....        (no amulet)
Stlth   ++++++       g - +6 ring of dexterity
HPRegen 0.28/turn    C - ring "Juyffynolu" {rElec rC+ AC+4}
MPRegen 0.12/turn

%: no passive effects
@: lethally poisoned (-1 -> -8), very quick
A: very small, no large weapons, unfitting armour, see invisible, speed 3
a: Renounce Religion, Potion Petition, Call Merchant, Bribe Branch


You were on level 8 of the Dungeon.
You worshipped Gozag.
Gozag was aware of your devotion.
You visited 2 branches of the dungeon, and saw 9 of its levels.

You collected 758 gold pieces.
You spent 570 gold pieces at shops.
You paid 80 gold pieces to Gozag.

Inventory:

Hand Weapons
 a - a +2 dagger
 n - a +2 whip of distortion (weapon)
 p - a +4 quarterstaff of chaos
 q - a +0 dagger of venom
 D - a +2 falchion of flaming
Missiles
 d - 12 poisoned darts (quivered)
 e - a curare-tipped dart
Armour
 b - a +0 robe (worn)
 c - a +0 cloak (worn)
Jewellery
 g - a +6 ring of dexterity (left hand)
 i - a +6 ring of intelligence
 j - a +4 ring of protection
 C - the ring "Juyffynolu" (right hand) {rElec rC+ AC+4}
   (You bought it in a shop on level 8 of the Dungeon)

   [ring of protection]

   AC:        It affects your AC (+4).
   rC:        It protects you from cold.
   rElec:     It insulates you from electricity.
Wands
 s - a wand of charming (4)
 y - a wand of iceblast (8)
Scrolls
 f - 8 scrolls of identify
 k - 4 scrolls of teleportation
 l - a scroll of revelation {unknown}
 o - a scroll of amnesia {unknown}
 r - 2 scrolls of immolation {unknown}
 t - 3 scrolls of enchant weapon {unknown}
 v - a scroll of fear {unknown}
 z - a scroll of enchant armour {unknown}
 A - a scroll of vulnerability {unknown}
 B - a scroll of blinking {unknown}
Potions
 h - 2 potions of lignification {unknown}
 m - a potion of haste {unknown}
 u - 3 potions of curing {unknown}
 w - a potion of berserk rage {unknown}
 x - a potion of attraction {unknown}


   Skills:
 + Level 3.9 Fighting
 + Level 3.7 Short Blades
 + Level 5.1 Maces & Flails
 + Level 8.1 Throwing
 + Level 6.5 Dodging
 + Level 12.5 Stealth


You had 9 spell levels left.
You didn't know any spells.
Your spell library contained the following spells:

 Spells                   Type           Power      Damage    Failure   Level
 Cigotuvi's Dreadful Rot  Necr/Pois/Air  0%         N/A       43%         2
 Ignite Poison            Fire/Tmut/Pois 0%         N/A       67%         3
 Leda's Liquefaction      Hex/Erth       0%         N/A       97%         4
 Freezing Cloud           Conj/Ice/Air   0%         6-21      100%        5
 Lee's Rapid Deconstruct  Erth           0%         3d4*      100%        5
 Leda's Unmaking          Conj/Erth      0%         9d1       100%        6
 Statue Form              Tmut/Erth      0%         N/A       100%        6


Dungeon Overview and Level Annotations

Branches:
Dungeon (8/15)             Temple (1/1) D:6
   Lair: D:8-11

Altars:
Ashenzari
Cheibriados
Dithmenos
Fedhas
Gozag
Hepliaklqana
Kikubaaqudgha
Makhleb
Nemelex Xobeh
Okawaru
Qazlal
Ru
Sif Muna
Trog
Uskayaw
Vehumet
Xom
Yredelemnul

Shops:
D:2 [   D:7 [[[   D:8 =


Innate Abilities, Weirdness & Mutations

You are very small and have problems with some larger weapons.
You are too small for most types of armour.
You have supernaturally acute eyesight. (SInv)
You cover ground extremely quickly. (Speed+++)


Message History

* * * LOW HITPOINT WARNING * * *
You feel sick. The kobold brigand barely misses you.
You closely miss the kobold brigand.
The kobold brigand is moderately wounded.
* * * LOW HITPOINT WARNING * * *
You feel sick. The kobold brigand closely misses you.
Throw: 2 darts (curare)
Press: ? - help, Shift-Dir - straight line, f - kobold brigand
Aim: a kobold brigand, wielding a +0 dagger and quivering poisoned darts (moderately wounded, 63% to hit)
You throw a curare-tipped dart.
The curare-tipped dart hits the kobold brigand.
The kobold brigand is poisoned.
The kobold brigand convulses.
The kobold brigand seems to slow down.
The kobold brigand is heavily wounded.
* * * LOW HITPOINT WARNING * * *
You feel sick.
You hit the kobold brigand.
The kobold brigand is heavily wounded.
The kobold brigand blinks!
* * * LOW HITPOINT WARNING * * *
You feel sick.
The kobold brigand throws a poisoned dart.
The poisoned dart hits you!
You are more poisoned.
Throw: 14 darts (poison)
Press: ? - help, Q - select action, (/) - cycle Shift-Dir - straight line, f/p - kobold brigand
Aim: a kobold brigand, wielding a +0 dagger and quivering poisoned darts (severely wounded, very poisoned, slow, 63% to hit)
You throw a poisoned dart.
The poisoned dart closely misses the kobold brigand.
* * * LOW HITPOINT WARNING * * *
You feel sick.
Throw: 13 darts (poison)
Press: ? - help, Q - select action, (/) - cycle Shift-Dir - straight line, f/p - kobold brigand
Aim: a kobold brigand, wielding a +0 dagger and quivering poisoned darts (severely wounded, very poisoned, slow, 63% to hit)
You throw a poisoned dart.
The poisoned dart hits the kobold brigand!!
The kobold brigand looks as sick as possible!
The kobold brigand is severely wounded.
You die...
Your body crumbles into a pile of gold.

#######......#####.####.>...#
##....##PP~..~..#.....#
##....#P~..♣.♣.#.....#
##.#.##~~~).♣..#..)..#
#....##P~~.♣.♣.#.....##
#.#.###.~~.....#)###..#
###.#.# #+###'''##)# ##.####
##.....# #).#..(..#.## #.....
#..##.####$.@(..K(#).# #####.
##.###....###########.# ##
####..# #.....# ##.# #.# #
.....####..)..# ##..# #.## #
<..#..........# #..## #..##
#### .#######..#.### #.##
##..###.## ............#
#.######.......##
..######...##
##.##.....#)###### .##
##.[.## #..#..#####..# #


You could see a kobold brigand (extremely poisoned, slow).

Vanquished Creatures
  A hydra (D:8)
  2 dream sheep (D:8)
  A wraith (D:7)
  A water moccasin (D:8)
  An ice beast (D:8)
  4 sky beasts
  4 black bears
  An ogre (D:4)
  2 centaurs
  A phantom (D:5)
  2 kobold brigands (D:8)
  A bullfrog (D:8)
  A gnoll sergeant (D:8)
  A scorpion (D:5)
  2 wights (D:8)
  5 killer bees (D:7)
  4 hounds
  2 jellies
  3 orc priests
  Crazy Yiuf (D:4)
  3 sleepcaps
  3 iguanas (D:5)
  6 orc wizards
  11 gnolls
  12 adders
  2 worms
  3 dart slugs
  32 orcs
  4 bats
  12 endoplasms
  2 giant cockroaches
  5 goblins
  8 hobgoblins
  A quokka (D:2)
  10 ball pythons
  2 frilled lizards
  8 kobolds
  7 rats
171 creatures vanquished.

Notes
Turn   | Place    | Note
-------+----------+-------------------------------------------
     0 | D:1      | Bondsong the Spriggan Brigand began the quest for the Orb.
     0 | D:1      | Reached XP level 1. HP: 10/10 MP: 2/2
    17 | D:1      | Reached skill level 6 in Stealth
   177 | D:1      | Reached XP level 2. HP: 15/15 MP: 3/3
   572 | D:1      | Reached XP level 3. HP: 18/18 MP: 4/4
   614 | D:1      | Reached skill level 7 in Stealth
   877 | D:2      | Reached XP level 4. HP: 21/23 MP: 5/5
  1091 | D:2      | Found Ufijeuv's Armour Emporium.
  1578 | D:3      | Reached XP level 5. HP: 15/26 MP: 6/6
  2111 | D:3      | Reached skill level 8 in Stealth
  2612 | D:4      | Reached XP level 6. HP: 30/30 MP: 7/7
  2797 | D:4      | Reached skill level 9 in Stealth
  2844 | D:4      | Found a runed translucent door.
  2845 | D:4      | Noticed Crazy Yiuf
  2851 | D:4      | Killed Crazy Yiuf
  2852 | D:4      | Reached skill level 1 in Maces & Flails
  3047 | D:4      | Reached XP level 7. HP: 35/35 MP: 8/8
  3287 | D:5      | Entered Level 5 of the Dungeon
  3300 | D:5      | Found an iron altar of Okawaru.
  3459 | D:5      | Reached skill level 10 in Stealth
  3685 | D:5      | Found a radiant altar of Vehumet.
  3810 | D:5      | Reached XP level 8. HP: 39/39 MP: 9/9
  4137 | D:6      | Found a staircase to the Ecumenical Temple.
  4147 | Temple   | Entered the Ecumenical Temple
  4209 | Temple   | Became a worshipper of Gozag Ym Sagoz the Greedy
  4278 | D:6      | Reached skill level 5 in Throwing
  4287 | D:6      | Found a stormy altar of Qazlal.
  4288 | D:6      | Found a shimmering altar of Xom.
  4288 | D:6      | Found a burning altar of Makhleb.
  4289 | D:6      | Found a bloodstained altar of Trog.
  4601 | D:6      | Found a basalt altar of Yredelemnul.
  4617 | D:6      | Found a hide-covered altar of Uskayaw.
  4806 | D:6      | Reached skill level 11 in Stealth
  5222 | D:7      | Reached XP level 9. HP: 23/44 MP: 10/10
  5507 | D:7      | Reached skill level 5 in Dodging
  5597 | D:7      | Found Awirrec's Armour Shop.
  5599 | D:7      | Found Jeggaece's Antique Armour Shop.
  5602 | D:7      | Found Bisuyn's Armour Shop.
  5606 | D:7      | Found Wodiurich's Jewellery Shop.
  6165 | D:8      | Reached skill level 12 in Stealth
  6301 | D:8      | Found Odarass's Jewellery Shoppe.
  6306 | D:8      | Bought the ring "Juyffynolu" {rElec rC+ AC+4} for 570 gold
                  | pieces
  6637 | D:8      | Noticed a three-headed hydra
  6646 | D:8      | Killed a three-headed hydra
  6647 | D:8      | Reached skill level 5 in Maces & Flails
  6647 | D:8      | Reached XP level 10. HP: 7/49 MP: 11/11
  6655 | D:8      | HP: 2/49 [poisoned by a kobold brigand]
  6657 | D:8      | Succumbed to a kobold brigand's poison

Illustrated notes

Levels and vault maps discovered:
D:1:      shiori_arrival_maze, layout_loops_cross
D:2:      layout_loops_ring, serial_bayou, serial_bayou_pond_d,
          serial_bayou_pond_b, serial_bayou_pond_a, serial_bayou_lagoon_a,
          serial_shops, nicolae_shop_trees
D:3:      layout_rooms
D:4:      black_bear_nest_2, layout_loops_ring, uniq_crazy_yiuf_cottage
D:5:      minmay_inner_zag, layout_cave_pools, general_overflow_altar,
          okawaru_gym_becter
D:6:      layout_layer_cave, mainiacjoe_overflow_big_doors,
          chequers_temple_overflow_statue_of_worship, minmay_temple_entry_glass,
          hangedman_abyss_or_decor_stagger
D:7:      layout_rooms, corexii_corridor_pit, hangedman_decor_lopped,
          hangedman_decor_opposing, minmay_shop_grid_forest
D:8:      layout_rooms, serial_shops, nicolae_shop_pleasant_corner_grove,
          hangedman_decor_slide_cut, hangedman_ranch
Temple:   chequers_temple_sunken

Skill      XL: |  1  2  3  4  5  6  7  8  9 |
---------------+----------------------------+-----
Stealth        | 6 7 8 9 10 11 12 | 12.5
Fighting       | 2 3 |  3.9
Short Blades   | 3 |  3.7
Dodging        | 2 3 4 6 |  6.5
Throwing       | 3 4 6 8 |  8.1
Maces & Flails | 1 2 4 5 |  5.1

Action                     |  1- 3 |  4- 6 |  7- 9 | 10-12 || total
---------------------------+-------+-------+-------+-------++-------
  Melee: Dagger            |    81 |   121 |       |       ||   202
         Whip              |       |    41 |   246 |     7 ||   294
         Punch             |       |     3 |     2 |       ||     5
  Throw: Dart              |    21 |    37 |   126 |     3 ||   187
    Use: Potion            |     1 |       |     1 |       ||     2
         Scroll            |       |       |     1 |       ||     1
   Stab: Sleeping          |    17 |    20 |    11 |       ||    48
         Distracted        |       |     1 |     2 |       ||     3
 Armour: Robe              |     8 |    11 |    28 |       ||    47
  Dodge: Dodged            |    43 |   107 |   216 |     5 ||   371

Table legend: (Time is in decaauts)
 A = Elapsed time spent in this place.
 B = Non-inter-level travel time spent in this place.
 C = Inter-level travel time spent in this place.
 D = Time resting spent in this place.
 E = Time spent auto-exploring this place.
 F = Levels seen in this place.
 G = Mean time per level.
                   A        B        C        D        E       F      G
               +--------+--------+--------+--------+--------+-----+--------+
         Total |   4639 |   4639 |      0 |    438 |   2122 |   9 |  515.4 |
       Dungeon |   4559 |   4559 |      0 |    438 |   2122 |   8 |  569.9 |
        Temple |     79 |     79 |      0 |      0 |      0 |   1 |   79.0 |
               +--------+--------+--------+--------+--------+-----+--------+

Top non-repeatable levels by time:
     D:2: 696 daAuts
     D:6: 641 daAuts
     D:4: 597 daAuts
     D:8: 576 daAuts
     D:5: 542 daAuts
     D:7: 528 daAuts
     D:3: 490 daAuts
     D:1: 486 daAuts
  Temple: 79 daAuts
